 Dungeon Crawl Stone Soup version 0.29-a0-529-gfa20dd96a1 (webtiles) character file.

Game seed: 14672591727326046421

189 Persephone the Shooter (level 6, -3/32 (51) HPs)
             Began as a Meteoran Hunter on June 1, 2022.
             Was an Initiate of Okawaru.
             Slain by an iguana (11 damage)
             ... on level 5 of the Dungeon.
             The game lasted 00:05:49 (2655 turns).

Persephone the Shooter (Meteoran Hunter)            Turns: 2655, Time: 00:05:51

HP:   -3/32 (51)    AC: 13    Str: 20    XL:     6   Next: 20%
MP:   7/7           EV:  8    Int: 10    God:    Okawaru [......]
Gold: 71            SH:  0    Dex: 19    Spells: 5/5 levels left

rFire   + . .      SeeInvis .   a - +1 shortbow
rCold   . . .      Faith    .   (shield currently unavailable)
rNeg    . . .      Spirit   .   k - +0 chain mail {rF+}
rPois   .          Reflect  .   (no helmet)
rElec   .          Harm     .   (no cloak)
rCorr   .          Rampage  .   (no gloves)
Will    .....                   q - +0 pair of boots
Stlth   ..........              (no amulet)
HPRegen 0.10/turn               h - +6 ring of strength
MPRegen 0.10/turn               l - +4 ring of protection

@: glowing, very heavily drained
A: sense surroundings 1, otherworldly, glowing, explore regen
a: Renounce Religion


You were on level 5 of the Dungeon.
You worshipped Okawaru.
Okawaru was noncommittal.
You visited 1 branch of the dungeon, and saw 5 of its levels.

You collected 71 gold pieces.

Inventory:

Hand Weapons
 a - a +1 shortbow (weapon)
Armour
 b - a +0 leather armour
 k - a +0 chain mail of fire resistance (worn)
 q - a +0 pair of boots (worn)
Jewellery
 g - a ring of see invisible
 h - a +6 ring of strength (left hand)
 l - a +4 ring of protection (right hand)
Scrolls
 c - 2 scrolls of immolation
 e - 2 scrolls of poison {unknown}
 i - a scroll of teleportation {unknown}
 j - 2 scrolls of blinking {unknown}
 m - a scroll of magic mapping {unknown}
 o - 4 scrolls of identify {unknown}
Potions
 d - 2 potions of curing {unknown}
 f - a potion of flight {unknown}
 n - a potion of berserk rage {unknown}
 p - a potion of degeneration {unknown}


   Skills:
 + Level 3.5 Fighting
 * Level 6.6 Bows
 + Level 1.3 Armour
 + Level 2.4 Dodging
 - Level 0.6 Stealth


You had 5 spell levels left.
You didn't know any spells.
Your spell library contained the following spells:

 Spells                   Type           Power      Damage    Failure   Level
 Slow                     Hex            0%         N/A       99%         1
 Confusing Touch          Hex            0%         N/A       100%        3
 Vampiric Draining        Necr           0%         2d6       100%        3


Dungeon Overview and Level Annotations

Branches:
Dungeon (5/15)
 Temple: D:4-7

Altars:
Okawaru
Trog
Xom

Shops:
D:3 (


Innate Abilities, Weirdness & Mutations

You passively map a small area around you.
You are easily found by Zot.
You glow in the dark.
You regain HP and MP as you explore.


Message History

The jackal bites you but does no damage.
The iguana bites you!
The jackal bites you but does no damage.
The iguana bites you.
Shoot: a) +1 shortbow
Press: ? - help, Shift-Dir - straight line, f/p - iguana
Aim: an iguana (lightly wounded, 69% to hit)
You shoot an arrow.
The arrow hits the iguana but does no damage.
The iguana is lightly wounded.
The jackal bites you but does no damage.
The jackal barely misses you.
The iguana bites you but does no damage.
Shoot: a) +1 shortbow
Press: ? - help, Shift-Dir - straight line, f/p - iguana
Aim: an iguana (lightly wounded, 69% to hit)
You shoot an arrow. The arrow hits the iguana!
The iguana is severely wounded.
The jackal bites you but does no damage.
The iguana closely misses you.
The jackal bites you but does no damage.
The iguana bites you.
Unknown command.
Shoot: a) +1 shortbow
Press: ? - help, Shift-Dir - straight line, f/p - iguana
Aim: an iguana (severely wounded, 69% to hit)
You shoot an arrow.
The arrow hits the iguana but does no damage.
The iguana is severely wounded.
The jackal barely misses you. The jackal bites you.
The iguana bites you but does no damage.
The jackal bites you.
* * * LOW HITPOINT WARNING * * *
Shoot: a) +1 shortbow
Press: ? - help, Shift-Dir - straight line, f/p - iguana
Aim: an iguana (severely wounded, 69% to hit)
You shoot an arrow. The arrow hits the iguana.
The iguana is almost dead.
The jackal completely misses you. The iguana bites you!
You die...

#.........
,#.........
, #.........
#......... ,
,#.........
*
,+.........*
#l........ ,
#†@....... *
,,
#h........
,#.......^.
#......... ,
#......... ,
,#.........
, ,
#.........*
, #.........
,,


You could see an iguana and a jackal.

Vanquished Creatures
  An ogre (D:4)
  An iguana (D:4)
  An adder (D:3)
  A worm (D:2)
  A dart slug (D:1)
  4 endoplasms
  4 giant cockroaches
  12 goblins
  7 hobgoblins
  9 jackals
  A quokka (D:1)
  2 ball pythons
  5 bats
  3 frilled lizards
  4 kobolds
  2 rats (D:1)
58 creatures vanquished.

Notes
Turn   | Place    | Note
-------+----------+-------------------------------------------
     0 | D:1      | Persephone the Meteoran Hunter began the quest for the Orb.
     0 | D:1      | Reached XP level 1. HP: 17/17 MP: 2/2
    33 | D:1      | Found a faded altar of an unknown god.
   165 | D:1      | Reached XP level 2. HP: 24/24 MP: 3/3
   293 | D:1      | Reached skill level 5 in Bows
   491 | D:1      | Glimpsed the power of Zot.
   495 | D:1      | Reached XP level 3. HP: 29/29 MP: 4/4
  1076 | D:2      | Glimpsed the power of Zot.
  1124 | D:2      | Glimpsed the power of Zot.
  1215 | D:3      | Reached XP level 4. HP: 36/36 MP: 5/5
  1415 | D:3      | Found Ciep's Antique Weapon Emporium.
  1658 | D:3      | Glimpsed the power of Zot.
  1708 | D:3      | Glimpsed the power of Zot.
  1748 | D:3      | Glimpsed the power of Zot.
  1757 | D:3      | Glimpsed the power of Zot.
  1758 | D:3      | Touched by the power of Zot.
  1764 | D:3      | Found a bloodstained altar of Trog.
  1853 | D:3      | Glimpsed the power of Zot.
  1909 | D:4      | Noticed an ogre
  1913 | D:4      | Killed an ogre
  1914 | D:4      | Reached skill level 6 in Bows
  1914 | D:4      | Reached skill level 1 in Armour
  1914 | D:4      | Reached XP level 5. HP: 31/45 MP: 6/6
  2007 | D:4      | Found the +6 shillelagh "Devastator" {shatter}
  2126 | D:4      | Reached XP level 6. HP: 17/51 MP: 7/7
  2443 | D:4      | Glimpsed the power of Zot.
  2491 | D:4      | Glimpsed the power of Zot.
  2526 | D:4      | Found an iron altar of Okawaru.
  2528 | D:4      | Found a shimmering altar of Xom.
  2530 | D:4      | Became a worshipper of Warmaster Okawaru
  2531 | D:4      | Glimpsed the power of Zot.
  2540 | D:4      | Glimpsed the power of Zot.
  2541 | D:4      | Touched by the power of Zot.
  2638 | D:4      | Glimpsed the power of Zot.
  2648 | D:5      | Entered Level 5 of the Dungeon
  2655 | D:5      | Slain by an iguana

Illustrated notes

Levels and vault maps discovered:
D:1:      dreamdust_arrival_sigmund_warning, layout_loops_ring,
          hellmonk_ecumenical_altar_slurped_away, minmay_misc_feat_cross,
          roderic_lattice_a
D:2:      layout_loops_corners, minmay_crystal_water
D:3:      layout_loops_corners, kennysheep_vampire_church, trog_hazing_becter,
          serial_shops, nicolae_shop_crystal
D:4:      kennysheep_goblin_castle, layout_loops_ring,
          nicolae_ashenzari_skybound, mainiacjoe_overflow_divided_tiny,
          dreamdust_princess_corridor, dilly_guarded_unrand_devastator,
          uniq_eustachio
D:5:      layout_gridville

Skill      XL: |  1  2  3  4 |
---------------+-------------+-----
Bows           | 5 6 |  6.6
Fighting       | 3 |  3.5
Armour         | 1 |  1.3
Dodging        | |  2.4
Stealth        | |  0.6

Action                   |  1- 3 |  4- 6 || total
-------------------------+-------+-------++-------
 Fire: Shortbow          |    69 |    67 ||   136
Armor: Leather armour    |     3 |       ||     3
       Chain mail        |    16 |    57 ||    73
Dodge: Dodged            |    12 |    22 ||    34

Table legend: (Time is in decaauts)
 A = Elapsed time spent in this place.
 B = Non-inter-level travel time spent in this place.
 C = Inter-level travel time spent in this place.
 D = Time resting spent in this place.
 E = Time spent auto-exploring this place.
 F = Levels seen in this place.
 G = Mean time per level.
                   A        B        C        D        E       F      G
               +--------+--------+--------+--------+--------+-----+--------+
         Total |   2723 |   2513 |    210 |      0 |   1960 |   5 |  544.6 |
       Dungeon |   2723 |   2513 |    210 |      0 |   1960 |   5 |  544.6 |
               +--------+--------+--------+--------+--------+-----+--------+

Top non-repeatable levels by time:
     D:4: 777 daAuts
     D:3: 768 daAuts
     D:2: 630 daAuts
     D:1: 537 daAuts
     D:5: 9 daAuts
